 Dungeon Crawl Stone Soup version 0.18.1-48-g4cf74bf (webtiles) character file.

30 nikopol the Shooter (level 3, 0/28 HPs)
             Began as a Centaur Arcane Marksman on Aug 8, 2016.
             Succumbed to an adder's poison
             ... on level 2 of the Dungeon.
             The game lasted 00:04:41 (1007 turns).

nikopol the Shooter (Centaur Arcane Marksman)       Turns: 1007, Time: 00:04:42

Health: 0/28       AC:  4    Str: 13    XL:     3   Next: 5%
Magic:  2/4        EV:  9    Int: 12    God:
Gold:   64         SH:  0    Dex:  9    Spells: 2 memorised, 1 level left

rFire  . . .     SeeInvis .     a - +0 shortbow
rCold  . . .     Gourm    .     b - +0 robe
rNeg   . . .     Faith    .     (shield currently unavailable)
rPois  .         Spirit   .     (no helmet)
rElec  .         Dismiss  .     (no cloak)
rCorr  .         Reflect  .     (no gloves)
SustAt .         Harm     .     (no barding)
MR     .....                    (no amulet)
Stlth  +.........               (no ring)
                                (no ring)

@: lethally poisoned (0 -> -6), very quick, not resistant to hostile
enchantments, very unstealthy
A: hooves 3, deformed body, speed 2, tough skin 3
a: no special abilities


You were on level 2 of the Dungeon.
You were not hungry.

You visited 1 branch of the dungeon, and saw 2 of its levels.

You collected 64 gold pieces.

Inventory:

Hand Weapons
 a - a +0 shortbow (weapon)
Missiles
 d - 12 arrows (quivered)
Armour
 b - a +0 robe (worn)
Wands
 l - a wand of iceblast (2/15)
Scrolls
 e - 2 scrolls of identify {unknown}
 h - a scroll of teleportation {unknown}
 j - a scroll of immolation {unknown}
Potions
 k - 3 potions of brilliance {unknown}
Books
 c - a book of Debilitation

   Spells                             Type                      Level
   a - Corona                         Hexes                        1
   b - Slow                           Hexes                        2
   c - Gell's Gravitas                Hexes/Translocation          3
   d - Inner Flame                    Hexes/Fire                   3
   e - Cause Fear                     Hexes                        4
   f - Leda's Liquefaction            Hexes/Earth                  4
Comestibles
 f - 2 bread rations
 g - a chunk of flesh
 i - a meat ration


   Skills:
 + Level 1.5 Fighting
 * Level 3.2 Bows
 + Level 1.6 Dodging
 + Level 1.1 Spellcasting
 + Level 3.0 Hexes


You had one spell level left.
You knew the following spells:

 Your Spells              Type           Power        Failure   Level  Hunger
a - Corona                Hex            #......      12%         1    ##.....
b - Slow                  Hex            #.......     14%         2    ###....


Dungeon Overview and Level Annotations

Branches:
Dungeon (2/15)

Altars:
Xom


Innate Abilities, Weirdness & Mutations

You have hooves in place of feet.
Armour fits poorly on your strangely shaped body.
You cover ground very quickly.
You have extremely tough skin (AC +3).


Message History

* * * LOW HITPOINT WARNING * * *
You feel sick. The bat hits you but does no damage.
Firing (i - inventory):
d - 15 arrows (quivered)
Press: ? - help, Shift-Dir - straight line, f/p - adder
Aim: an adder (heavily wounded)
You shoot an arrow. The arrow misses the adder.
* * * LOW HITPOINT WARNING * * *
You feel sick. The adder barely misses you.
The adder bites you but does no damage.
Firing (i - inventory):
d - 14 arrows (quivered)
Press: ? - help, Shift-Dir - straight line, f/p - adder
Aim: an adder (heavily wounded)
You shoot an arrow. The arrow closely misses the adder.
The arrow barely misses the bat.
The adder barely misses you.
Firing (i - inventory):
d - 13 arrows (quivered)
Press: ? - help, Shift-Dir - straight line, f/p - adder
Aim: an adder (heavily wounded)
You shoot an arrow. The arrow misses the adder.
The arrow barely misses the bat.
You die...

(...........#
###########..(.#
#.........#....#
#.#######.#....#
#.#.......#....#
#.#.#######....#
#............b.#
###.#########S##
#.#.....#..@#######
#.#.###.#.#........
#.#.#.#.#.#.###############
#.#...#.#.#.# #..<......#
#.###.#.#.#.# #.#.#####.##
#.#.#.#.#.#.#####.#.........
#.#...#.#.#...........###.##
#.#..<#.#.#######.#.#.# #.#
#+# #.......#.# #.#.#.# #.#


You could see an adder and a bat.

Vanquished Creatures
  2 dart slugs
  A giant gecko (D:1)
  4 giant cockroaches
  A goblin (D:1)
  2 hobgoblins (D:1)
  A kobold (D:1)
  7 bats (D:1)
  A giant newt (D:1)
  5 rats (D:1)
24 creatures vanquished.

Notes
Turn   | Place    | Note
--------------------------------------------------------------
     0 | D:1      | nikopol the Centaur Arcane Marksman began the quest for the Orb.
     0 | D:1      | Reached XP level 1. HP: 16/16 MP: 2/2
   104 | D:1      | Reached XP level 2. HP: 22/23 MP: 3/3
   210 | D:1      | Learned a level 2 spell: Slow
   756 | D:2      | Reached XP level 3. HP: 28/28 MP: 4/4
   893 | D:2      | Found a shimmering altar of Xom.
  1005 | D:2      | HP: 1/28 [poisoned by an adder]
  1007 | D:2      | Succumbed to an adder's poison

Skill      XL: |  1  2 |
---------------+-------+-----
Bows           | 3 |  3.2
Hexes          | 3 |  3.0
Fighting       | |  1.5
Dodging        | |  1.6
Spellcasting   | |  1.1

Action                   || total
-------------------------++-------
 Fire: Shortbow          ||    84
 Cast: Slow              ||     1
Armor: Robe              ||    14
Dodge: Dodged            ||    15
